[Event "94th Tradewise Hastings Congress"]
[Site "Hastings"]
[Date "2019.01.03"]
[Round "7"]
[White "Hawkins, Jonathan"]
[Black "Murphy, Conor E"]
[Result "1/2-1/2"]
[ECO "A14"]
[WhiteElo "2583"]
[BlackElo "2331"]
[Annotator "ChessBase"]
[PlyCount "46"]
[EventDate "2018.12.28"]
[EventType "swiss"]
[EventCountry "ENG"]
[SourceTitle "playchess.com"]
[Source "ChessBase"]
[SourceQuality "1"]
[TimeControl "40/6000+30:3000+30"]

1. Nf3 d5 2. c4 e6 3. g3 Nf6 4. Bg2 Be7 5. O-O O-O 6. d4 dxc4 7. Qc2 a6 8. a4 Bd7 9. Qxc4 Bc6 10. Bg5 Bd5 11. Qd3 c5 12. Nc3 Bc6 13. Rfd1 Qa5 14. Bd2 Qd8 15. e4 cxd4 16. Qxd4 Nbd7 17. e5 Bc5 18. Qf4 Nd5 19. Nxd5 Bxd5 20. Ng5 h6 21. Ne4 g5 22. Qg4 f5 23. Qh5 fxe4 1/2-1/2

[Event "94th Tradewise Hastings Congress"]
[Site "Hastings"]
[Date "2019.01.03"]
[Round "7"]
[White "Sulskis, Sarunas"]
[Black "Djuric, Stefan"]
[Result "1-0"]
[ECO "C11"]
[WhiteElo "2525"]
[BlackElo "2371"]
[Annotator "ChessBase"]
[PlyCount "73"]
[EventDate "2018.12.28"]
[EventType "swiss"]
[EventCountry "ENG"]
[SourceTitle "playchess.com"]
[Source "ChessBase"]
[SourceQuality "1"]
[TimeControl "40/6000+30:3000+30"]

1. e4 e6 2. d4 d5 3. Nc3 Nf6 4. Bg5 dxe4 5. Nxe4 Nbd7 6. Nxf6+ Nxf6 7. Nf3 Be7 8. Bd3 h6 9. Bd2 b6 10. Qe2 Bb7 11. O-O-O O-O 12. Kb1 a5 13. Rhg1 a4 14. a3 b5 15. g4 Qd5 16. Ne5 Ne4 17. f3 Nxd2+ 18. Qxd2 b4 19. g5 hxg5 20. Rxg5 Bxg5 21. Qxg5 Qd8 22. Qh5 f5 23. Ng6 Qf6 24. Rg1 bxa3 25. Bc4 Bd5 26. Qh8+ Kf7 27. Ne5+ Ke8 28. Qh5+ Kd8 29. Bxd5 Ra6 30. f4 Kc8 31. Bc4 Rb6 32. Qf3 c6 33. Qxa3 Rd8 34. Rg6 Qf8 35. Bxe6+ Kb7 36. Qxf8 Rxf8 37. Nd7 1-0

[Event "94th Tradewise Hastings Congress"]
[Site "Hastings"]
[Date "2019.01.03"]
[Round "7"]
[White "Kjartansson, Gudmundur"]
[Black "Byron, Alan M"]
[Result "1-0"]
[ECO "B90"]
[WhiteElo "2415"]
[BlackElo "2157"]
[Annotator "NA"]
[PlyCount "87"]
[EventDate "2018.12.28"]
[EventType "swiss"]
[EventCountry "ENG"]
[SourceTitle "playchess.com"]
[Source "ChessBase"]
[SourceQuality "1"]
[TimeControl "40/6000+30:3000+30"]

1. e4 c5 2. Nf3 d6 3. d4 cxd4 4. Nxd4 Nf6 5. Nc3 a6 6. Be3 e5 7. Nb3 Be6 8. h3 h5 9. f4 exf4 10. Bxf4 Nc6 $14 {[%emt 0:00:03] LiveBook: 10 Games} 11. Qe2 Ne5 12. O-O-O Qc7 13. Nd4 Be7 14. Qe3 Rc8 15. Be2 b5 16. a3 Qa5 17. Nxe6 fxe6 18. Qa7 b4 19. Qxa6 Qxa6 20. Bxa6 bxc3 21. Bxc8 cxb2+ 22. Kxb2 Kf7 23. Ba6 Rb8+ 24. Ka2 Nxe4 25. Bxe5 dxe5 26. Rhf1+ Nf6 27. Rb1 Ra8 28. Rb6 e4 29. a4 Rd8 30. Bc4 Rd4 31. Kb3 Bd8 32. Rxe6 Kg6 33. Re5 Rd2 34. a5 Rxg2 35. a6 Rg3+ 36. Kb4 Bb6 37. Re7 Rxh3 38. a7 Bxa7 39. Rxa7 Rg3 40. Bf7+ Kg5 41. Ra5+ Kh6 42. c4 e3 43. Re5 Rh3 44. Rff5 1-0

[Event "94th Tradewise Hastings Congress"]
[Site "Hastings"]
[Date "2019.01.03"]
[Round "7"]
[White "Cherniaev, Alexander"]
[Black "Petrov, Martin"]
[Result "1/2-1/2"]
[ECO "B23"]
[WhiteElo "2393"]
[BlackElo "2472"]
[Annotator "ChessBase"]
[PlyCount "35"]
[EventDate "2018.12.28"]
[EventType "swiss"]
[EventCountry "ENG"]
[SourceTitle "playchess.com"]
[Source "ChessBase"]
[SourceQuality "1"]
[TimeControl "40/6000+30:3000+30"]

1. e4 c5 2. Nc3 g6 3. d4 cxd4 4. Qxd4 Nf6 5. Nf3 Nc6 6. Qa4 d6 7. e5 dxe5 8. Nxe5 Bg7 9. Bb5 O-O 10. Nxc6 bxc6 11. Bxc6 Bd7 12. O-O Rc8 13. Bxd7 Qxd7 14. Be3 Qxa4 15. Nxa4 Rxc2 16. Rfc1 Rfc8 17. Rxc2 Rxc2 18. Rc1 1/2-1/2

[Event "94th Tradewise Hastings Congress"]
[Site "Hastings"]
[Date "2019.01.03"]
[Round "7"]
[White "Bates, Richard A"]
[Black "Derakhshani, Borna"]
[Result "1-0"]
[ECO "A48"]
[WhiteElo "2372"]
[BlackElo "2325"]
[Annotator "NA"]
[PlyCount "81"]
[EventDate "2018.12.28"]
[EventType "swiss"]
[EventCountry "ENG"]
[SourceTitle "playchess.com"]
[Source "ChessBase"]
[SourceQuality "1"]
[TimeControl "40/6000+30:3000+30"]

1. d4 Nf6 2. Nf3 g6 3. c4 Bg7 4. g3 b6 5. Bg2 Bb7 6. O-O O-O 7. d5 c5 8. Nc3 d6 9. e4 Nbd7 $14 {[%emt 0:00:13] LiveBook: 11 Games} 10. Bf4 Nh5 11. Be3 a6 12. a4 Nhf6 13. h3 Ne8 14. Qd2 Nc7 15. Rab1 Bc8 16. b4 a5 17. bxc5 bxc5 18. Bh6 Na6 19. Nb5 Nb4 20. Bxg7 Kxg7 21. Qc3+ Kg8 22. e5 Nb6 23. Ra1 Bf5 24. Nd2 dxe5 25. Qxe5 Bd3 26. Rfc1 Bc2 27. Nc3 Qd7 28. Bf1 Rac8 29. Nce4 f6 30. Qc3 Nxa4 31. Qa3 Qf5 32. Rxc2 Nxc2 33. Qxa4 Nxa1 34. Qxa1 Qe5 35. Qxa5 Qd4 36. Qc3 e5 37. dxe6 f5 38. Qxd4 cxd4 39. Nd6 Rc6 40. c5 Rxc5 41. e7 1-0

[Event "94th Tradewise Hastings Congress"]
[Site "Hastings"]
[Date "2019.01.03"]
[Round "7"]
[White "Sarkar, Justin"]
[Black "Lyell, Mark"]
[Result "1/2-1/2"]
[ECO "A90"]
[WhiteElo "2332"]
[BlackElo "2317"]
[Annotator "NA"]
[PlyCount "21"]
[EventDate "2018.12.28"]
[EventType "swiss"]
[EventCountry "ENG"]
[SourceTitle "playchess.com"]
[Source "ChessBase"]
[SourceQuality "1"]
[TimeControl "40/6000+30:3000+30"]

1. d4 f5 2. c4 Nf6 3. g3 e6 4. Bg2 d5 5. Nh3 Bd6 6. O-O O-O 7. b3 c6 8. Ba3 Bxa3 9. Nxa3 Qe7 {[%emt 0:01:50] LiveBook: 24 Games} 10. Qc1 Nbd7 $11 11. Nf4 1/2-1/2

[Event "94th Tradewise Hastings Congress"]
[Site "Hastings"]
[Date "2019.01.03"]
[Round "7"]
[White "Taylor, Adam C"]
[Black "Korneev, Oleg"]
[Result "1/2-1/2"]
[ECO "A06"]
[WhiteElo "2331"]
[BlackElo "2550"]
[Annotator "ChessBase"]
[PlyCount "42"]
[EventDate "2018.12.28"]
[EventType "swiss"]
[EventCountry "ENG"]
[SourceTitle "playchess.com"]
[Source "ChessBase"]
[SourceQuality "1"]
[TimeControl "40/6000+30:3000+30"]

1. Nf3 d5 2. g3 c6 3. c4 Nf6 4. Bg2 Bf5 5. cxd5 cxd5 6. O-O Nc6 7. d3 e6 8. Be3 Be7 9. Qb3 Qd7 10. Nd4 Bg4 11. Rc1 O-O 12. Nxc6 bxc6 13. Qc2 Rfc8 14. h3 Bh5 15. g4 Bg6 16. Bc5 Bxc5 17. Qxc5 Qb7 18. b3 Nd7 19. Qd6 c5 20. e4 dxe4 21. dxe4 Rd8 1/2-1/2

[Event "94th Tradewise Hastings Congress"]
[Site "Hastings"]
[Date "2019.01.03"]
[Round "7"]
[White "Kalavannan, Koby"]
[Black "Snape, Ian L"]
[Result "1-0"]
[ECO "A43"]
[WhiteElo "2328"]
[BlackElo "2112"]
[Annotator "NA"]
[PlyCount "71"]
[EventDate "2018.12.28"]
[EventType "swiss"]
[EventCountry "ENG"]
[SourceTitle "playchess.com"]
[Source "ChessBase"]
[SourceQuality "1"]
[TimeControl "40/6000+30:3000+30"]

1. d4 c5 2. c3 cxd4 3. cxd4 d5 4. Nc3 Nc6 5. Bf4 Nf6 {[%emt 0:00:11] LiveBook: 3212 Games} (5... e5 $5 6. Bxe5 Nxe5 7. dxe5 d4 $11) 6. e3 a6 7. Bd3 e6 8. Rc1 Bd7 9. Nf3 Nh5 10. Bg5 Be7 11. Bxe7 $14 Qxe7 12. a3 b5 13. Nxb5 O-O 14. Nc7 Rac8 15. Nxa6 e5 16. Nxe5 Nxe5 17. dxe5 Qxe5 18. Nc5 Bc6 19. O-O Nf6 20. Ba6 Rb8 21. Nd3 Qd6 22. Nb4 Bd7 23. Be2 h5 24. Qd4 Bb5 25. Bxb5 Rxb5 26. Rc6 Qd7 27. Rfc1 Re8 28. h3 Ne4 29. Qd3 Rb7 30. R1c2 Rd8 31. f3 Ng5 32. R6c5 Nxf3+ 33. gxf3 Qxh3 34. Nxd5 Qg3+ 35. Rg2 Rxd5 36. Rc8+ 1-0

[Event "94th Tradewise Hastings Congress"]
[Site "Hastings"]
[Date "2019.01.03"]
[Round "7"]
[White "Peek, Marcel"]
[Black "Willson, Ollie"]
[Result "1-0"]
[ECO "E11"]
[WhiteElo "2293"]
[BlackElo "2081"]
[Annotator "NA"]
[PlyCount "55"]
[EventDate "2018.12.28"]
[EventType "swiss"]
[EventCountry "ENG"]
[SourceTitle "playchess.com"]
[Source "ChessBase"]
[SourceQuality "1"]
[TimeControl "40/6000+30:3000+30"]

1. d4 Nf6 2. Nf3 e6 3. c4 Bb4+ 4. Bd2 c5 5. Bxb4 cxb4 6. Nbd2 O-O 7. e3 d6 8. Qc2 b6 9. Bd3 Bb7 10. g4 $11 {[%emt 0:06:04] LiveBook: 3 Games} g6 11. h4 Qe7 12. h5 e5 13. g5 Nxh5 14. Rxh5 gxh5 15. Bxh7+ Kh8 16. Be4 exd4 17. Bxb7 Qxb7 18. Ke2 f5 19. Nxd4 Nc6 20. N2f3 Nxd4+ 21. Nxd4 Qg2 22. Nf3 Rae8 23. Qd3 Qg4 24. Rh1 Re6 25. Rh4 Qg2 26. Rxh5+ Kg8 27. Qd5 Rfe8 28. Rh6 1-0

[Event "94th Tradewise Hastings Congress"]
[Site "Hastings"]
[Date "2019.01.03"]
[Round "7"]
[White "Stefansson, Vignir Vatnar"]
[Black "Lalic, Bogdan"]
[Result "1/2-1/2"]
[ECO "A48"]
[WhiteElo "2266"]
[BlackElo "2420"]
[Annotator "NA"]
[PlyCount "42"]
[EventDate "2018.12.28"]
[EventType "swiss"]
[EventCountry "ENG"]
[SourceTitle "playchess.com"]
[Source "ChessBase"]
[SourceQuality "1"]
[TimeControl "40/6000+30:3000+30"]

1. d4 Nf6 2. Nf3 g6 3. c4 Bg7 4. Nc3 d5 5. g3 O-O 6. Bg2 dxc4 7. O-O c6 8. a4 Na6 9. a5 {[%emt 0:06:00] LiveBook: 8 Games} Ne8 $11 10. Qa4 Nd6 11. Bf4 Bd7 12. Bxd6 exd6 13. Qxc4 d5 14. Qb3 Rb8 15. Rfc1 Qe7 16. e3 Nc7 17. Qa3 Qxa3 18. Rxa3 Rfe8 19. b4 a6 20. Na4 Nb5 21. Rb3 Nd6 1/2-1/2

[Event "94th Tradewise Hastings Congress"]
[Site "Hastings"]
[Date "2019.01.03"]
[Round "7"]
[White "Willow, Jonah B"]
[Black "Brown, Thomas"]
[Result "1/2-1/2"]
[ECO "B06"]
[WhiteElo "2218"]
[BlackElo "2068"]
[Annotator "NA"]
[PlyCount "84"]
[EventDate "2018.12.28"]
[EventType "swiss"]
[EventCountry "ENG"]
[SourceTitle "playchess.com"]
[Source "ChessBase"]
[SourceQuality "1"]
[TimeControl "40/6000+30:3000+30"]

1. e4 g6 2. d4 Bg7 3. Nc3 c6 4. f4 d5 5. e5 Nh6 6. Be2 f6 {[%emt 0:00:35] LiveBook: 61 Games} 7. Nf3 Bg4 8. O-O O-O 9. h3 Bxf3 10. Bxf3 Nf5 11. g4 Ng3 12. Rf2 f5 13. Kg2 Ne4 14. Bxe4 $11 dxe4 15. Qe2 Na6 16. Be3 Nc7 17. Rd1 e6 18. Na4 Rf7 19. b3 b5 20. Nb2 Nd5 21. Rd2 fxg4 22. hxg4 Qh4 23. Rd1 Raf8 24. Rdf1 Nc3 25. Rh1 Qxh1+ 26. Kxh1 Nxe2 27. Rxe2 g5 28. fxg5 Rf1+ 29. Kg2 Ra1 30. a4 Rb1 31. c4 Rf3 32. axb5 cxb5 33. cxb5 Rxb2 34. Rxb2 Rxe3 35. Ra2 Rd3 36. Rxa7 Rxd4 37. Re7 Rd2+ 38. Kf1 e3 39. b6 Rf2+ 40. Ke1 Bxe5 41. Rxe6 Bg3 42. Rxe3 Rf3+ 1/2-1/2

[Event "94th Tradewise Hastings Congress"]
[Site "Hastings"]
[Date "2019.01.03"]
[Round "7"]
[White "Graham, David B"]
[Black "Boswell, Jacob Connor"]
[Result "1-0"]
[ECO "C54"]
[WhiteElo "2208"]
[BlackElo "1858"]
[Annotator "NA"]
[PlyCount "53"]
[EventDate "2018.12.28"]
[EventType "swiss"]
[EventCountry "ENG"]
[SourceTitle "playchess.com"]
[Source "ChessBase"]
[SourceQuality "1"]
[TimeControl "40/6000+30:3000+30"]

1. e4 e5 2. Nf3 Nc6 3. Bc4 Bc5 4. c3 Nf6 5. d3 d6 $11 {[%emt 0:00:32] LiveBook: 2716 Games} 6. Nbd2 a6 7. Bb3 Ba7 8. h3 O-O 9. Nf1 h6 10. g4 d5 11. Qe2 Qd6 12. Ng3 Na5 13. Bc2 c5 14. O-O Re8 15. Nh4 c4 16. Nhf5 Bxf5 17. Nxf5 Qe6 18. exd5 Qxd5 19. Bxh6 cxd3 20. Bxd3 e4 21. Bxg7 Nh5 22. Qd2 Nxg7 23. Qg5 Qe5 24. Rae1 e3 25. fxe3 Kf8 26. Qh6 Kg8 27. Ne7+ 1-0

[Event "94th Tradewise Hastings Congress"]
[Site "Hastings"]
[Date "2019.01.03"]
[Round "7"]
[White "Stoyanov, Viktor"]
[Black "Ratnesan, Ranesh"]
[Result "1/2-1/2"]
[ECO "B53"]
[WhiteElo "2205"]
[BlackElo "2055"]
[Annotator "NA"]
[PlyCount "96"]
[EventDate "2018.12.28"]
[EventType "swiss"]
[EventCountry "ENG"]
[SourceTitle "playchess.com"]
[Source "ChessBase"]
[SourceQuality "1"]
[TimeControl "40/6000+30:3000+30"]

1. e4 c5 2. Nf3 d6 3. d4 cxd4 4. Qxd4 Nc6 5. Bb5 Bd7 6. Qd3 g6 7. c4 Bg7 8. Nc3 Nf6 9. O-O O-O 10. h3 Rc8 11. Be3 Nb4 12. Qe2 a6 13. Bxd7 Nxd7 14. Rac1 Qa5 15. a3 Nc6 16. Rfd1 Qh5 17. Qf1 Nde5 18. Nd2 g5 19. Ne2 Qg6 20. Ng3 e6 21. Nb3 Rfd8 22. Qe2 h6 23. Rd2 Bf8 24. Rcd1 Be7 25. Bb6 Re8 26. Nf1 Nd7 27. c5 Nxb6 28. cxd6 Nd7 29. dxe7 Nde5 30. Nd4 Nxe7 31. Nf3 N7c6 32. N1h2 Qf6 33. Nxe5 Nxe5 34. Ng4 Nxg4 35. Qxg4 Rc7 36. h4 Kg7 37. g3 Rec8 38. f4 Rc2 39. hxg5 hxg5 40. fxg5 Qxb2 41. Qf4 Rxd2 42. Rxd2 Qa1+ 43. Kg2 Rh8 44. Kf3 Qh1+ 45. Ke3 Qe1+ 46. Kf3 Qh1+ 47. Ke3 Qe1+ 48. Kf3 Qh1+ 1/2-1/2

[Event "94th Tradewise Hastings Congress"]
[Site "Hastings"]
[Date "2019.01.03"]
[Round "7"]
[White "Royset, Pal"]
[Black "Trevelyan, John"]
[Result "1-0"]
[ECO "C41"]
[WhiteElo "2182"]
[BlackElo "1996"]
[Annotator "NA"]
[PlyCount "109"]
[EventDate "2018.12.28"]
[EventType "swiss"]
[EventCountry "ENG"]
[SourceTitle "playchess.com"]
[Source "ChessBase"]
[SourceQuality "1"]
[TimeControl "40/6000+30:3000+30"]

1. e4 d6 2. d4 Nf6 3. Nc3 e5 4. Bg5 Be7 5. Nf3 Nbd7 6. h3 O-O 7. Qd2 c6 8. Bd3 exd4 9. Nxd4 Nc5 10. Nf3 Nxd3+ 11. cxd3 d5 12. O-O-O h6 13. Be3 dxe4 14. dxe4 Qa5 15. Qc2 Bb4 16. Bd4 Be7 17. Nd2 Be6 18. Nb3 Qb4 19. Be3 Rfd8 20. Nd4 Bc4 21. Kb1 Qa5 22. b3 Ba6 23. f3 Bb4 24. Nde2 Bc5 25. Bc1 Rxd1 26. Rxd1 Rd8 27. Bb2 Qc7 28. Na4 Be7 29. Kc1 Nd7 30. Nd4 Bf6 31. Nf5 Ne5 32. Nc5 Rxd1+ 33. Qxd1 Qa5 34. Nxa6 Qxa6 35. Kb1 Qb5 36. Nd6 Qb6 37. f4 Nd7 38. e5 Be7 39. Nf5 Qd8 40. Qg4 g6 41. Nxh6+ Kf8 42. Qd1 Nc5 43. Qxd8+ Bxd8 44. Ba3 Be7 45. Bxc5 Bxc5 46. Ng4 Ke7 47. Kc2 Ke6 48. Kd3 Kf5 49. g3 Bg1 50. Nh6+ Ke6 51. Ke4 f5+ 52. exf6 Kxf6 53. Ng4+ Ke6 54. Ne5 Kf6 55. g4 1-0

[Event "94th Tradewise Hastings Congress"]
[Site "Hastings"]
[Date "2019.01.03"]
[Round "7"]
[White "Sumit, Kumar"]
[Black "Gu, In Jung"]
[Result "0-1"]
[ECO "B06"]
[WhiteElo "2179"]
[BlackElo "1794"]
[Annotator "NA"]
[PlyCount "58"]
[EventDate "2018.12.28"]
[EventType "swiss"]
[EventCountry "ENG"]
[SourceTitle "playchess.com"]
[Source "ChessBase"]
[SourceQuality "1"]
[TimeControl "40/6000+30:3000+30"]

1. e4 g6 2. d4 Bg7 3. f4 d6 4. Nf3 a6 5. Bd3 c5 6. c3 cxd4 7. cxd4 Bg4 8. Qb3 Bxf3 9. gxf3 Bxd4 10. Qxb7 Ra7 11. Qb3 e5 12. h4 Nd7 13. Nc3 Nc5 14. Qc2 Ne7 15. Bc4 Rc7 16. Bd2 Qc8 17. Bf1 h5 18. Rc1 O-O 19. f5 Nd7 20. Bh3 Qb7 21. Bg5 f6 22. Bh6 Rfc8 23. Bd2 gxf5 24. Bh6 Kh8 25. Qd2 f4 26. Bxf4 exf4 27. Qxf4 Ng8 28. Qf5 Qxb2 29. Qxh5+ Kg7 0-1

[Event "94th Tradewise Hastings Congress"]
[Site "Hastings"]
[Date "2019.01.03"]
[Round "7"]
[White "Eames, Robert S"]
[Black "Fryer, David W"]
[Result "1/2-1/2"]
[ECO "D37"]
[WhiteElo "2167"]
[BlackElo "1932"]
[Annotator "NA"]
[PlyCount "57"]
[EventDate "2018.12.28"]
[EventType "swiss"]
[EventCountry "ENG"]
[SourceTitle "playchess.com"]
[Source "ChessBase"]
[SourceQuality "1"]
[TimeControl "40/6000+30:3000+30"]

1. d4 d5 2. c4 e6 3. Nc3 Nf6 4. Nf3 Be7 5. g4 Nxg4 6. Rg1 h5 7. h3 Nh6 8. Bxh6 gxh6 9. e3 Bb4 10. Ne5 Bxc3+ 11. bxc3 Nd7 12. Qxh5 Nxe5 13. Qxe5 Rf8 14. Rg7 c6 15. Kd2 Qh4 16. f4 Bd7 17. Qc7 dxc4 18. Bxc4 Qf2+ 19. Be2 Rc8 20. Qxb7 Ke7 21. Qxa7 c5 22. Rf1 Qh2 23. h4 Rfd8 24. f5 Kf6 25. fxe6+ Kxg7 26. Rxf7+ Kg8 27. Rxd7 Rxd7 28. exd7 Rb8 29. Qb6 1/2-1/2

[Event "94th Tradewise Hastings Congress"]
[Site "Hastings"]
[Date "2019.01.03"]
[Round "7"]
[White "Anderson, John"]
[Black "Villiers, Thomas"]
[Result "1/2-1/2"]
[ECO "A35"]
[WhiteElo "2163"]
[BlackElo "2205"]
[Annotator "NA"]
[PlyCount "164"]
[EventDate "2018.12.28"]
[EventType "swiss"]
[EventCountry "ENG"]
[SourceTitle "playchess.com"]
[Source "ChessBase"]
[SourceQuality "1"]
[TimeControl "40/6000+30:3000+30"]

1. Nf3 Nf6 2. c4 c5 3. Nc3 Nc6 4. e3 e6 5. d4 d5 6. cxd5 exd5 7. Bb5 a6 8. Bxc6+ bxc6 9. O-O Bd6 10. dxc5 Bxc5 11. Qa4 Qc7 12. b3 Nd7 13. Bb2 O-O 14. Rac1 Qd6 15. Rfd1 Nf6 16. Qh4 Bf5 17. Na4 Ba7 18. Be5 Qe6 19. Bxf6 gxf6 20. Nd4 Bxd4 21. Rxd4 Kh8 22. Nc5 Qe5 23. Nd3 Bxd3 24. Rxd3 Rac8 25. Qd4 Rfd8 26. Rc5 Rg8 27. g3 Rgd8 28. Qc3 Kg7 29. Rd4 Qe6 30. Kg2 Qd6 31. b4 Rd7 32. Qd3 Ra7 33. Rg4+ Kf8 34. Qxh7 Ke7 35. Qf5 Rb8 36. Qc2 Qe6 37. Rd4 Rb6 38. a4 a5 39. Rxa5 Rxa5 40. bxa5 Ra6 41. Qd2 c5 42. Rh4 Qc6 43. f3 c4 44. Qb4+ Ke6 45. e4 d4 46. Rh5 c3 47. Rc5 c2 48. Qb3+ Ke7 49. Rxc2 Qd6 50. Qb7+ Kf8 51. Rc7 Qe6 52. Rc8+ Kg7 53. Qb8 f5 54. e5 Qa2+ 55. Kf1 Qa1+ 56. Ke2 Qa2+ 57. Kd3 Qa3+ 58. Kxd4 Qxa4+ 59. Ke3 f4+ 60. gxf4 Qa3+ 61. Ke4 Qa4+ 62. Kf5 Qd7+ 63. Ke4 Qa4+ 64. Ke3 Qa3+ 65. Ke2 Qa2+ 66. Kd1 Qa4+ 67. Kc1 Qa1+ 68. Kc2 Qa4+ 69. Qb3 Qxa5 70. Qc3 Qa4+ 71. Kd2 Qxf4+ 72. Ke1 Ra1+ 73. Qxa1 Qe3+ 74. Kf1 Qxf3+ 75. Kg1 Qg4+ 76. Kf2 Qxc8 77. Qd4 Qf5+ 78. Kg3 f6 79. exf6+ Qxf6 80. Qg4+ Qg6 81. h3 Qxg4+ 82. hxg4 Kg6 1/2-1/2

[Event "94th Tradewise Hastings Congress"]
[Site "Hastings"]
[Date "2019.01.03"]
[Round "7"]
[White "Groffen, Hans"]
[Black "Rice, Chris B"]
[Result "0-1"]
[ECO "E92"]
[WhiteElo "2120"]
[BlackElo "1963"]
[Annotator "NA"]
[PlyCount "76"]
[EventDate "2018.12.28"]
[EventType "swiss"]
[EventCountry "ENG"]
[SourceTitle "playchess.com"]
[Source "ChessBase"]
[SourceQuality "1"]
[TimeControl "40/6000+30:3000+30"]

1. d4 Nf6 2. c4 g6 3. Nc3 Bg7 4. e4 d6 5. Be2 O-O 6. Be3 Nc6 7. Nf3 e5 8. d5 Ne7 9. Nd2 Ne8 10. Qc2 f5 11. f3 Nf6 12. O-O-O c5 13. dxc6 bxc6 14. Nb3 Qc7 15. Kb1 a5 16. Na4 Rb8 17. Bd2 fxe4 18. Bxa5 Qa7 19. Qd2 Nf5 20. c5 d5 21. Nb6 Be6 22. Qc1 Qf7 23. Bd2 exf3 24. gxf3 Nh5 25. Rhe1 Nh4 26. Na5 Ng2 27. Rg1 Ngf4 28. Bf1 Bf5+ 29. Ka1 Qe6 30. Bxf4 Nxf4 31. Nac4 Bh3 32. Ne3 Bxf1 33. Rgxf1 Rf7 34. Qc2 Qe7 35. Rc1 Ne6 36. Qa4 Nd4 37. Ng4 Qe6 38. Rc3 Qxg4 0-1

[Event "94th Tradewise Hastings Congress"]
[Site "Hastings"]
[Date "2019.01.03"]
[Round "7"]
[White "Rolvag, Mikael"]
[Black "Graham, Cassie M"]
[Result "1/2-1/2"]
[ECO "D85"]
[WhiteElo "2107"]
[BlackElo "1889"]
[Annotator "NA"]
[PlyCount "46"]
[EventDate "2018.12.28"]
[EventType "swiss"]
[EventCountry "ENG"]
[SourceTitle "playchess.com"]
[Source "ChessBase"]
[SourceQuality "1"]
[TimeControl "40/6000+30:3000+30"]

1. c4 Nf6 2. Nc3 g6 3. d4 d5 4. cxd5 Nxd5 5. e4 Nxc3 6. bxc3 Bg7 7. Bg5 O-O 8. Rc1 c5 9. d5 Qd6 10. c4 Re8 11. Bd3 Na6 12. Ne2 Nc7 13. O-O b6 14. Bf4 Qd7 15. e5 Bb7 16. Nc3 Rad8 17. Bc2 Ba6 18. Ba4 Qf5 19. Bxe8 Qxf4 20. Bb5 Bxb5 21. Nxb5 Nxb5 22. cxb5 Bxe5 23. g3 Bd4 1/2-1/2

[Event "94th Tradewise Hastings Congress"]
[Site "Hastings"]
[Date "2019.01.03"]
[Round "7"]
[White "Sugden, John N"]
[Black "Fowler, David"]
[Result "1-0"]
[ECO "B12"]
[WhiteElo "2072"]
[BlackElo "1929"]
[Annotator "NA"]
[PlyCount "77"]
[EventDate "2018.12.28"]
[EventType "swiss"]
[EventCountry "ENG"]
[SourceTitle "playchess.com"]
[Source "ChessBase"]
[SourceQuality "1"]
[TimeControl "40/6000+30:3000+30"]

1. e4 c6 2. d4 d5 3. e5 Bf5 4. Nf3 e6 5. Be2 Nd7 6. O-O Bg6 7. Bf4 Nh6 8. Nbd2 Nf5 9. c3 Be7 10. b4 O-O 11. Nb3 b6 12. Qd2 c5 13. dxc5 bxc5 14. a3 Qc7 15. h3 Nh4 16. Nxh4 Bxh4 17. Qe3 Bc2 18. Na5 c4 19. Bd1 Bd3 20. Re1 Be7 21. Bg5 Bxg5 22. Qxg5 f6 23. exf6 Rxf6 24. Bg4 Be4 25. f3 Qb6+ 26. Qe3 Bf5 27. Qxb6 axb6 28. Nc6 Bxg4 29. hxg4 Kf7 30. a4 h5 31. gxh5 Rf5 32. Nd4 Rxh5 33. Rxe6 Re5 34. Rxe5 Nxe5 35. a5 g5 36. a6 g4 37. fxg4 Nxg4 38. Nb5 Ke7 39. Nc7 1-0

[Event "94th Tradewise Hastings Congress"]
[Site "Hastings"]
[Date "2019.01.03"]
[Round "7"]
[White "Comellas Blanchart, Jordi"]
[Black "Payne, Matthew J"]
[Result "0-1"]
[ECO "E68"]
[WhiteElo "2055"]
[BlackElo "2182"]
[Annotator "NA"]
[PlyCount "58"]
[EventDate "2018.12.28"]
[EventType "swiss"]
[EventCountry "ENG"]
[SourceTitle "playchess.com"]
[Source "ChessBase"]
[SourceQuality "1"]
[TimeControl "40/6000+30:3000+30"]

1. d4 Nf6 2. c4 g6 3. g3 Bg7 4. Bg2 O-O 5. Nc3 d6 6. Nf3 Nbd7 7. O-O e5 8. e4 exd4 9. Nxd4 Re8 10. h3 a6 11. Qc2 Rb8 12. Rd1 c6 13. Bf4 Qc7 14. c5 Nxc5 15. Ndb5 axb5 16. Bxd6 Qa5 17. Bxb8 b4 18. Ne2 Nfxe4 19. Bf4 Bf5 20. Qc1 Nxf2 21. Kxf2 Nd3+ 22. Rxd3 Bxd3 23. Bf3 Bxe2 24. Bxe2 Bd4+ 25. Ke1 b3+ 26. Bd2 Qd5 27. Kd1 Qg2 28. Qc4 Bxb2 29. Bc3 Bxc3 0-1

[Event "94th Tradewise Hastings Congress"]
[Site "Hastings"]
[Date "2019.01.03"]
[Round "7"]
[White "Armstrong, Malcolm J"]
[Black "Pitschka, Claus"]
[Result "1-0"]
[ECO "A44"]
[WhiteElo "2052"]
[BlackElo "2241"]
[Annotator "NA"]
[PlyCount "115"]
[EventDate "2018.12.28"]
[EventType "swiss"]
[EventCountry "ENG"]
[SourceTitle "playchess.com"]
[Source "ChessBase"]
[SourceQuality "1"]
[TimeControl "40/6000+30:3000+30"]

1. d4 c5 2. d5 d6 3. c4 e5 4. e4 Be7 5. Bd3 Bg5 6. Nd2 Ne7 7. h4 Bh6 8. g4 $14 Bxd2+ 9. Bxd2 Bd7 10. Qe2 Na6 11. f4 exf4 12. e5 dxe5 13. Qxe5 O-O 14. Bc3 f6 15. Qxf4 Ng6 16. Bxg6 hxg6 17. O-O-O Nb4 18. Kb1 Qc8 19. Bxb4 cxb4 20. Rd4 Qc5 21. Nf3 b5 22. Rc1 Rac8 23. Nd2 bxc4 24. Rcxc4 Qb5 25. Qf1 a5 26. b3 Rfe8 27. Rxc8 Qxf1+ 28. Nxf1 Bxc8 29. Nd2 Re1+ 30. Kc2 Ra1 31. Kb2 Rg1 32. Nc4 Rg2+ 33. Kc1 Rxg4 34. Rxg4 Bxg4 35. Nxa5 Bf3 36. Nc6 Bxd5 37. Nxb4 Be6 38. Kd2 Kf7 39. Nc6 Bd5 40. Nd4 f5 41. Ke3 Kf6 42. Kf4 Ke7 43. Ke5 Bf7 44. a4 Kd7 45. b4 Kc7 46. a5 Bc4 47. Nf3 Kc6 48. Kd4 Be2 49. Ne5+ Kb5 50. Ke3 Bd1 51. Nxg6 Bc2 52. Kd2 Be4 53. Kc3 Bd5 54. Nf4 Bc4 55. Nh5 Bd5 56. Nxg7 f4 57. Nf5 f3 58. Ng3 1-0